 Dungeon Crawl Stone Soup version bcrawl-1.36.4 (webtiles) character file.

Game seed: 1476729017888503351

195754 jojo4K the Chopper (level 6, -3/76 HPs)
             Began as a Minotaur Berserker on Aug 16, 2022.
             Was a Believer of Trog.
             Killed from afar by an electric eel (6 damage)
             ... with a bolt of electricity
             ... on level 3 of the Dungeon.
             The game lasted 00:07:00 (2475 turns).

jojo4K the Chopper (Minotaur Berserker)             Turns: 2475, Time: 00:07:00

Health: -3/76      AC:  6    Str: 28    XL:     6   Next: 8%
Magic:  5/5        EV: 12    Int:  4    God:    Trog [**....]
Gold:   140        SH:  0    Dex: 10    Spells: 5/5 levels left

rFire    . . .     SeeInvis +   a - +0 hand axe
rCold    . . .     Gourm    .   (no shield)
rNeg     . . .     Faith    .   u - +0 ring mail
rPois    .         Spirit   .   (helmet restricted)
rElec    .         Reflect  .   (no cloak)
rCorr    .                      (no gloves)
MR       .....                  (no boots)
Stlth    ..........             (no amulet)
HPRegen  0.22/turn              k - ring of Roufra {*Contam +Fly Slay+2 SInv}
MPRegen  0.09/turn              (no ring)

@: berserking, very quick
A: retaliatory headbutt, horns 2
a: Berserk, Trog's Hand, Renounce Religion, Evoke Flight


You were on level 3 of the Dungeon.
You worshipped Trog.
Trog was pleased with you.
You were hungry.

You visited 1 branch of the dungeon, and saw 3 of its levels.

You collected 140 gold pieces.

Inventory:

Hand Weapons
 a - a +0 hand axe (weapon)
Armour
 b - a +0 animal skin
 c - a +0 leather armour
 q - a +2 robe
 u - a +0 ring mail (worn)
Jewellery
 k - the ring of Roufra (left hand) {*Contam +Fly Slay+2 SInv}
   (You found it on level 1 of the Dungeon)

   [ring of flight]

   It affects your accuracy and damage with ranged weapons and melee attacks
   (+2).
   It lets you see invisible.
   It lets you fly.
   It causes magical contamination when unequipped.
 w - the ring "Feykh" {+Fly Slay+3, unknown}
   (You found it on level 3 of the Dungeon)

   [ring of flight]

   It affects your accuracy and damage with ranged weapons and melee attacks
   (+3).
   It lets you fly.
Wands
 x - a wand of flame (14)
Scrolls
 d - 4 scrolls of teleportation {unknown}
 f - a scroll of blinking {unknown}
 h - a scroll of noise {unknown}
 i - 4 scrolls of identify
 l - a scroll of fog {unknown}
 m - a scroll of amnesia {unknown}
 s - 2 scrolls of magic mapping {unknown}
 t - a scroll of remove curse {unknown}
Potions
 g - a potion of curing {unknown}
 j - 2 potions of flight {unknown}
 n - 2 potions of brilliance {unknown}
 o - a potion of heal wounds {unknown}
 p - a potion of cancellation {unknown}
 r - a potion of agility {unknown}
Comestibles
 e - 6 rations {!d}
 v - a chunk of flesh


   Skills:
 - Level 3.6 Fighting
 + Level 6.1 Axes
 * Level 4.5 Armour
 * Level 4.1 Dodging


You had 5 spell levels left.
You didn't know any spells.
Your spell library contained the following spells:

 Spells                   Type           Power        Failure   Level  Hunger
 Summon Small Mammal      Summ           #...         63%         1    None
 Call Imp                 Summ           #.....       77%         2    ####...
 Call Canine Familiar     Summ           #.......     94%         3    #####..
 Summon Ice Beast         Ice/Summ       #.......     100%        4    ######.
 Summon Lightning Spire   Summ/Air       #.......     100%        5    #######


Dungeon Overview and Level Annotations

Branches:
Dungeon (3/12)

Altars:
Fedhas
Vehumet


Innate Abilities, Weirdness & Mutations

You reflexively headbutt those who attack you in melee.
You have a pair of horns on your head.


Message History

The bolt of electricity hits the electric eel.
The electric eel completely resists.
You closely miss the electric eel.
The electric eel shoots out a bolt of lightning at you!
The bolt of electricity hits you!
The bolt of electricity hits the electric eel.
The electric eel completely resists.
The bolt of electricity hits the electric eel.
The electric eel completely resists.
The bolt of electricity hits you!
* * * LOW HITPOINT WARNING * * *
You hit the electric eel.
The electric eel is moderately wounded.
The electric eel shoots out a bolt of lightning at you!
The bolt of electricity hits you!
* * * LOW HITPOINT WARNING * * *
The bolt of electricity hits the electric eel.
The electric eel completely resists.
The bolt of electricity hits the electric eel.
The electric eel completely resists.
The bolt of electricity hits you.
You die...

#....................#.#
##
##########.#########.#.#
...............####
.................>#
############.#.####
#≈≈≈≈≈≈;#P8#.#.#
#...)...#..#...#
+...⌠...'.©#©..#
#......@#..#..##
#≈≈≈≈≈≈;#P8#.##
############.#
.............#
##############


You could see 2 electric eels.

Vanquished Creatures
  Sigmund (D:2)
  Jessica (D:2)
  4 adders
  An adder skeleton (D:3)
  2 worms (D:2)
  3 leopard geckos
  4 giant cockroaches
  5 goblins
  8 hobgoblins
  2 jackals (D:2)
  2 quokkas
  4 bats
  2 frilled lizards (D:2)
  6 kobolds
  7 rats
52 creatures vanquished.

Notes
Turn   | Place    | Note
-------+----------+-------------------------------------------
     0 | D:1      | jojo4K the Minotaur Berserker began the quest for the Orb.
     0 | D:1      | Reached XP level 1. HP: 19/19 MP: 0/0
    94 | D:1      | Reached skill level 4 in Axes
    94 | D:1      | Reached XP level 2. HP: 22/26 MP: 1/1
   394 | D:1      | Got a bound jade ring
   666 | D:2      | Reached XP level 3. HP: 18/31 MP: 2/2
  1501 | D:2      | Noticed Jessica
  1511 | D:2      | Killed Jessica
  1512 | D:2      | Reached XP level 4. HP: 34/39 MP: 3/3
  1579 | D:2      | Reached ** piety under Trog
  1704 | D:2      | Reached skill level 5 in Axes
  1718 | D:2      | Noticed Sigmund
  1724 | D:2      | Killed Sigmund
  1725 | D:2      | Reached XP level 5. HP: 45/45 MP: 4/4
  1914 | D:2      | Reached skill level 6 in Axes
  2329 | D:3      | Identified the ring of Roufra {*Contam +Fly Slay+2 SInv}
                  | (You found it on level 1 of the Dungeon)
  2395 | D:3      | Found a radiant altar of Vehumet.
  2395 | D:3      | Found a blossoming altar of Fedhas.
  2400 | D:3      | Reached XP level 6. HP: 49/51 MP: 5/5
  2439 | D:3      | Got a wavering granite ring
  2455 | D:3      | Found a transporter.
  2475 | D:3      | HP: 3/76 [electric eel/bolt of electricity (13)]
  2475 | D:3      | Killed from afar by an electric eel

Skill      XL: |  1  2  3  4  5 |
---------------+----------------+-----
Axes           | 4 5 6 |  6.1
Armour         | 3 4 |  4.5
Dodging        | 3 4 |  4.1
Fighting       | |  3.6

Action                   |  1- 3 |  4- 6 || total
-------------------------+-------+-------++-------
Melee: Hand axe          |    65 |    46 ||   111
       Headbutt          |     9 |     7 ||    16
Invok: Berserk           |       |     2 ||     2
  Eat: Chunk             |     1 |     4 ||     5
       Ration            |     1 |       ||     1
Armor: Leather armour    |    15 |     4 ||    19
       Animal skin       |     1 |       ||     1
       Ring mail         |       |     1 ||     1
Dodge: Dodged            |    48 |    35 ||    83
